 Dungeon Crawl Stone Soup version 0.31-a0-698-g4a7cf283bb (webtiles) character file.

Game seed: 15291998013727147276

1535 qw the Skirmisher (level 8, 0/51 HPs)
             Began as a Gargoyle Hunter on Sept 7, 2023.
             Was a Follower of Okawaru.
             Slain by a troll (8 damage)
             ... on level 6 of the Dungeon.
             The game lasted 00:01:06 (3567 turns).

qw the Skirmisher (Gargoyle Hunter)                 Turns: 3567, Time: 00:01:06

Health: 0/51       AC: 16    Str: 14    XL:     8   Next: 86%
Magic:  6/10       EV: 13    Int: 11    God:    Okawaru [*.....]
Gold:   57         SH:  5    Dex: 15    Spells: 7/7 levels left

rFire   . . .        Y - +1 triple crossbow
rCold   . . .        (shield currently unavailable)
rNeg    + . .        m - +0 ring mail
rPois   inf          (no helmet)
rElec   +            l - +2 cloak
rCorr   .            e - +0 pair of gloves
SInv    .            (no boots)
Will    +....        i - amulet of reflection
Stlth   +++          f - ring of willpower
HPRegen 0.28/turn    (no ring)
MPRegen 0.12/turn

%: reflection
@: about to teleport, heroic
A: sickness immunity, AC +5, negative energy resistance 1, electricity
resistance, torment resistance 1, petrification resistance
a: Renounce Religion, Heroism


You were on level 6 of the Dungeon.
You worshipped Okawaru.
Okawaru was aware of your devotion.
You visited 2 branches of the dungeon, and saw 7 of its levels.

You collected 167 gold pieces.
You spent 110 gold pieces at shops.


Innate Abilities, Weirdness & Mutations

You are immune to sickness and miasma.
Your stone body is resilient. (AC +5)
You are immune to poison.
You resist negative energy. (rN+)
You are resistant to electric shocks. (rElec)
You are resistant to unholy torment.
You are immune to petrification.


   Skills:
 - Level 6.0(11.0) Fighting
 + Level 9.2(14.2) Ranged Weapons
 - Level 2.2(7.2) Armour
 - Level 2.0(7.0) Dodging
 - Level 1.1(6.1) Stealth
 + Level 3.7 Invocations


You had 7 spell levels left.
You didn't know any spells.
Your spell library was empty.

Inventory:

Hand Weapons
 Y - a +1 triple crossbow (weapon)
Armour
 e - a +0 pair of gloves (worn)
 l - a +2 cloak (worn)
 m - a +0 ring mail (worn)
Jewellery
 f - a ring of willpower (left hand)
 i - an amulet of reflection (around neck)
Scrolls
 b - 3 scrolls of teleportation
 j - 4 scrolls of identify
Potions
 a - a potion of enlightenment
 d - 2 potions of might
 k - 2 potions of curing

Dungeon Overview and Level Annotations

Branches:
Dungeon (6/15)             Temple (1/1) D:5

Altars:
Ashenzari
Cheibriados
Dithmenos
Fedhas
Hepliaklqana
Kikubaaqudgha
Nemelex Xobeh
Okawaru
Qazlal
Ru
Sif Muna
Uskayaw
Wu Jian
Xom
Yredelemnul
Zin
The Shining One

Shops:
D:5 *


Message History

You shoot a bolt. The bolt hits the orc priest!!
You kill the orc priest!
Okawaru accepts your kill.
The centaur shoots an arrow.
The arrow hits you!
The centaur shoots an arrow.
The arrow closely misses you.
The centaur shoots an arrow.
The arrow closely misses you.
You shoot a bolt. The bolt hits the centaur.
The centaur is lightly wounded.
The centaur unwields a +0 orcbow.
The centaur hits you but does no damage.
The centaur closely misses you.
You shoot a bolt.
The bolt hits the centaur but does no damage.
The centaur is lightly wounded.
You feel like a meek peon again. The centaur closely misses you.
The centaur kicks you.
The centaur hits you but does no damage.
The centaur barely misses you. You block the centaur's attack.
The centaur kicks you but does no damage.
3563 ||| INVOKING Heroism.
You gain the combat prowess of a mighty hero.
The centaur barely misses you. You block the centaur's attack.
You shoot a bolt. The bolt hits the centaur!!
You kill the centaur!
Okawaru accepts your kill.
Your base Fighting skill increases to level 6!
You shoot a bolt. The bolt hits the troll!!
The troll is heavily wounded.
The troll closely misses you. The troll barely misses you.
The troll misses you. You block the troll's attack.
The troll barely misses you. The troll claws you but does no damage.
You shoot a bolt. The bolt hits the troll!!
The troll is almost dead.
The troll closely misses you. The troll claws you.
The troll claws you but does no damage.
3567 ||| READING 4 scrolls of teleportation.
As you read the scroll of teleportation, it crumbles to dust.
You feel strangely unstable. The troll bites you but does no damage.
The troll claws you!
You die...

#......##.........#
#......##.........#
#......##..)..).####..
#......#######........
##..####... #..## .
#.## #.# #@# #T## #..#
##%# #.)# ....# .##...
#[ #### ..


You could see a troll.

Vanquished Creatures
  A hornet (D:6)
  Sigmund (D:4)
  Menkaure (D:5)
  3 black bears
  2 ogres
  2 centaurs (D:6)
  A scorpion (D:5)
  A howler monkey (D:5)
  A hound (D:5)
  An orc priest (D:6)
  3 jellies
  3 iguanas
  Jessica (D:2)
  An orc wizard (D:4)
  4 adders
  2 worms
  A dart slug (D:3)
  6 orcs (D:4)
  6 endoplasms
  4 giant cockroaches
  6 goblins
  A hobgoblin (D:1)
  A quokka (D:2)
  6 ball pythons
  6 frilled lizards
  3 kobolds
  3 rats (D:1)
71 creatures vanquished.

Notes
Turn   | Place    | Note
-------+----------+-------------------------------------------
     0 | D:1      | qw the Gargoyle Hunter began the quest for the Orb.
     0 | D:1      | Reached XP level 1. HP: 12/12 MP: 1/1
     0 | D:1      | 0 ||| qw: Version: 0.3-a-76-g4403597
     0 | D:1      | 0 ||| qw: Game counter: 366
     0 | D:1      | 0 ||| qw: Melee chars always use a shield: true
     0 | D:1      | 0 ||| qw: God list: Okawaru
     0 | D:1      | 0 ||| qw: Allow faded altars: false
     0 | D:1      | 0 ||| qw: Do Orc after clearing Dungeon:15 true
     0 | D:1      | 0 ||| qw: Do second Lair branch before Depths: true
     0 | D:1      | 0 ||| qw: Lair rune preference: random
     0 | D:1      | 0 ||| qw: Goals: Normal
     0 | D:1      | 0 ||| PLANNING D:1-11
    51 | D:1      | 51 ||| SWAPPING to +0 triple crossbow.
    52 | D:1      | 52 ||| DROPPING +0 shortbow.
   171 | D:1      | Reached XP level 2. HP: 17/17 MP: 2/2
   463 | D:1      | 463 ||| UPGRADING to amulet of reflection.
   468 | D:1      | 468 ||| UPGRADING to ring of willpower.
   469 | D:1      | 469 ||| READING scroll labelled CILOTE REIN.
   470 | D:1      | 470 ||| READING scroll labelled BITOBB NOSH.
   473 | D:1      | 473 ||| READING scroll labelled JIHUYL LIOTHERHY.
   474 | D:1      | 474 ||| DROPPING scroll of butterflies.
   553 | D:2      | Noticed Jessica
   559 | D:2      | Killed Jessica
   560 | D:2      | Reached skill level 5 in Ranged Weapons
   560 | D:2      | Reached XP level 3. HP: 12/21 MP: 3/3
   960 | D:2      | Reached XP level 4. HP: 27/27 MP: 4/4
  1080 | D:2      | 1080 ||| UPGRADING to +0 pair of gloves.
  1085 | D:2      | 1085 ||| READING scroll labelled FEOFOU VIMI.
  1150 | D:3      | Reached skill level 3 in Fighting
  1603 | D:3      | 1603 ||| READING scroll labelled OJYCYD DOFF.
  1604 | D:3      | 1604 ||| DRINKING 2 lumpy ruby potions.
  1605 | D:3      | 1605 ||| READING 2 scrolls of identify.
  1605 | D:3      | 1605 ||| IDENTIFYING black potion
  1606 | D:3      | 1606 ||| DROPPING potion of degeneration.
  1631 | D:4      | Noticed Sigmund
  1632 | D:4      | Killed Sigmund
  1633 | D:4      | Reached skill level 7 in Ranged Weapons
  1633 | D:4      | Reached XP level 5. HP: 32/32 MP: 5/5
  1633 | D:4      | Reached XP level 6. HP: 37/37 MP: 6/6
  1683 | D:4      | Reached skill level 1 in Armour
  1820 | D:4      | Found a snail-covered altar of Cheibriados.
  1851 | D:4      | Reached XP level 7. HP: 43/43 MP: 7/7
  1897 | D:4      | Found a stormy altar of Qazlal.
  1933 | D:4      | Found an ornate altar of the Wu Jian Council.
  2430 | D:4      | 2430 ||| UPGRADING to +0 ring mail.
  2440 | D:4      | 2440 ||| DROPPING +0 leather armour.
  2441 | D:4      | 2441 ||| READING scroll labelled PADDAE ROATUHA.
  2442 | D:4      | 2442 ||| READING scroll labelled XIMIOL VEUMEBA.
  2443 | D:4      | 2443 ||| DRINKING 2 yellow potions.
  2483 | D:4      | 2483 ||| READING 5 scrolls of identify.
  2483 | D:4      | 2483 ||| IDENTIFYING emerald potion
  2484 | D:4      | 2484 ||| READING 4 scrolls of identify.
  2484 | D:4      | 2484 ||| IDENTIFYING viscous black potion
  2485 | D:4      | 2485 ||| READING 3 scrolls of identify.
  2485 | D:4      | 2485 ||| IDENTIFYING orange potion
  2486 | D:4      | 2486 ||| READING 2 scrolls of identify.
  2486 | D:4      | 2486 ||| IDENTIFYING fuming ruby potion
  2487 | D:4      | 2487 ||| DROPPING potion of attraction.
  2488 | D:4      | 2488 ||| DROPPING potion of ambrosia.
  2489 | D:4      | 2489 ||| DROPPING potion of lignification.
  2507 | D:5      | Entered Level 5 of the Dungeon
  2558 | D:5      | Found Jughoud's General Store.
  2566 | D:5      | 2566 ||| BUYING +0 cloak (58 gold).
  2566 | D:5      | Bought a +0 cloak for 58 gold pieces
  2566 | D:5      | 2566 ||| SHOPLISTING 2 potions of enlightenment (130 gold,
                  | have 98).
  2566 | D:5      | 2566 ||| BUYING 2 scrolls of identify (52 gold).
  2566 | D:5      | Bought 2 scrolls of identify for 52 gold pieces
  2566 | D:5      | 2566 ||| SHOPLISTING potion of experience (650 gold, have
                  | 46).
  2649 | D:5      | Reached skill level 8 in Ranged Weapons
  2928 | D:5      | Found a staircase to the Ecumenical Temple.
  2929 | D:5      | 2929 ||| PLANNING TEMPLE
  2929 | D:5      | 2929 ||| UPGRADING to +0 cloak.
  2934 | D:5      | 2934 ||| READING scroll labelled POGAISMASMA.
  2943 | Temple   | Entered the Ecumenical Temple
  2944 | Temple   | 2944 ||| PLANNING OKAWARU WORSHIP
  2970 | Temple   | Became a worshipper of Warmaster Okawaru
  2971 | Temple   | 2971 ||| PLANNING D:1-11
  3122 | D:5      | Reached XP level 8. HP: 50/50 MP: 8/8
  3184 | D:5      | Noticed Menkaure
  3186 | D:5      | 3186 ||| FLEEEEING.
  3187 | D:5      | 3187 ||| FLEEEEING.
  3188 | D:5      | 3188 ||| FLEEEEING.
  3190 | D:5      | 3190 ||| FLEEEEING.
  3191 | D:5      | 3191 ||| FLEEEEING.
  3192 | D:5      | 3192 ||| FLEEEEING.
  3193 | D:5      | 3193 ||| FLEEEEING.
  3194 | D:5      | 3194 ||| FLEEEEING.
  3195 | D:5      | 3195 ||| FLEEEEING.
  3199 | D:5      | Killed Menkaure
  3438 | D:5      | 3438 ||| UPGRADING to +2 cloak.
  3448 | D:5      | 3448 ||| DROPPING +0 cloak.
  3449 | D:5      | 3449 ||| READING scroll labelled IDAABEDDERGH.
  3485 | D:5      | 3485 ||| READING scroll labelled XOWEXI ZUOMEFASS.
  3545 | D:6      | Reached * piety under Okawaru
  3549 | D:6      | Noticed a hornet
  3551 | D:6      | Reached skill level 1 in Invocations
  3551 | D:6      | 3551 ||| Stepping ~*~*~tactically~*~*~ (retreating).
  3552 | D:6      | 3552 ||| Stepping ~*~*~tactically~*~*~ (retreating).
  3553 | D:6      | 3553 ||| INVOKING Heroism.
  3554 | D:6      | Killed a hornet
  3555 | D:6      | Reached skill level 9 in Ranged Weapons
  3557 | D:6      | Reached skill level 3 in Invocations
  3559 | D:6      | Noticed a troll
  3563 | D:6      | 3563 ||| INVOKING Heroism.
  3565 | D:6      | Reached skill level 6 in Fighting
  3566 | D:6      | HP: 8/51 [troll (6)]
  3567 | D:6      | 3567 ||| READING 4 scrolls of teleportation.
  3567 | D:6      | Slain by a troll

Levels and vault maps discovered:
D:1:      ncdulo_watergridlock, layout_basic
D:2:      layout_basic, uniq_jessica
D:3:      layout_rooms, nrook_uturn
D:4:      layout_loops_corners, lemuel_doored_altar, nzn_wu_jian_council_hall,
          grunt_qazlal_sundering, uniq_sigmund
D:5:      layout_gridville, minmay_temple_entry_wispy, serial_shops, shop,
          uniq_menkaure
D:6:      layout_basic, serial_shops, nicolae_shop_peninsula,
          minmay_manual_moon, uniq_prince_ribbit1, uniq_blork_the_orc
Temple:   dpeg_chambers_temple

Skill      XL: |  1  2  3  4  5  6  7  8 |
---------------+-------------------------+-----
Ranged Weapons | 5 7 8 9 |  9.2
Fighting       | 3 4 5 6 |  6.0
Armour         | 1 2 |  2.2
Dodging        | 2 |  2.0
Invocations    | 3 |  3.7
Stealth        | |  1.1

Action                     |  1- 3 |  4- 6 |  7- 9 || total
---------------------------+-------+-------+-------++-------
   Fire: Triple crossbow   |    45 |    49 |    64 ||   158
         Shortbow          |     7 |       |       ||     7
 Invoke: Heroism           |       |       |     2 ||     2
    Use: Scroll            |     3 |     3 |    10 ||    16
         Potion            |       |     1 |     1 ||     2
 Armour: Leather armour    |    10 |    14 |     2 ||    26
         Ring mail         |       |       |    36 ||    36
  Dodge: Dodged            |    15 |    13 |    41 ||    69
  Block: Other             |     5 |     9 |    11 ||    25
         Reflection        |       |     1 |       ||     1

Table legend:
 A = Non-vault XP
 B = Vault XP
 C = Vault XP percentage of total XP
 D = Non-vault monster count
 E = Vault monster count
 F = Vault count percentage of total count
                 A         B        C        D         E       F
            +---------+---------+-------+---------+---------+-------
      Total |     974 |    1219 |  55.6 |      62 |       9 |  12.7
            +---------+---------+-------+---------+---------+-------
        D:1 |      26 |       0 |   0.0 |      16 |       0 |   0.0
        D:2 |      30 |      37 |  55.2 |      12 |       1 |   7.7
        D:3 |      70 |       0 |   0.0 |       8 |       0 |   0.0
        D:4 |     275 |     223 |  44.8 |      16 |       1 |   5.9
        D:5 |     573 |     165 |  22.4 |      10 |       1 |   9.1
        D:6 |       0 |     794 | 100.0 |       0 |       6 | 100.0
            +---------+---------+-------+---------+---------+-------
